[Event "-chT Youth Countries 2019"]
[Site "Wuerzburg"]
[Date "2019.10.03"]
[Round "3.4"]
[White "Post, Hugo"]
[Black "Gutkin, Ilya"]
[Result "1/2-1/2"]
[ECO "B40"]
[WhiteElo "2204"]
[BlackElo "2047"]
[Annotator "NA"]
[PlyCount "127"]
[EventDate "2019.10.02"]
[EventType "team-tourn"]
[EventRounds "7"]
[EventCountry "GER"]
[SourceTitle "playchess.com"]
[Source "ChessBase"]
[SourceQuality "1"]
[WhiteTeam "Sachsen-Anhalt"]
[BlackTeam "Nordrhein-Westfalen"]
[TimeControl "40/5400+30:1800+30"]

1. e4 c5 2. Nf3 e6 3. d4 cxd4 4. Nxd4 Nf6 5. Nc3 Nc6 6. Nxc6 bxc6 7. e5 Nd5 8. Ne4 Qc7 9. f4 Qb6 10. c4 Bb4+ 11. Ke2 f5 12. exf6 Nxf6 13. Be3 Qd8 14. Nd6+ Bxd6 15. Qxd6 Bb7 16. f5 exf5 17. Bg5 Kf7 18. Bxf6 Re8+ 19. Kf2 Qxf6 20. Qxf6+ Kxf6 21. c5 Re5 22. Rc1 a5 23. Kf3 Ba6 24. Bxa6 Rxa6 25. Rhd1 Ra7 26. Rd4 Rb7 27. b3 g6 28. Rc2 Ke6 29. Rd6+ Ke7 30. Rd4 Rb4 31. Rxb4 axb4 32. Rc4 g5 33. Rxb4 Rxc5 34. a4 Rc3+ 35. Ke2 Rc2+ 36. Kf3 Kd6 37. a5 Ra2 38. Rd4+ Ke6 39. b4 Ra4 40. Rc4 c5 41. Rxc5 Rxb4 42. Rc8 Ra4 43. Ra8 Ke5 44. a6 Ra3+ 45. Ke2 d5 46. a7 Kd4 47. h3 g4 48. hxg4 fxg4 49. g3 Ra2+ 50. Kf1 h5 51. Kg1 Ra5 52. Kg2 Ra3 53. Kf2 Rf3+ 54. Kg2 Rf7 55. Kg1 Rd7 56. Rh8 Rxa7 57. Rxh5 Ke4 58. Rg5 d4 59. Rxg4+ Ke3 60. Rg8 d3 61. Re8+ Kf3 62. Rd8 Ke2 63. Re8+ Kd1 {[%emt 0:01:36] normal} 64. Rd8 {[%emt 0:00:54] normal} 1/2-1/2

[Event "-chT Youth Countries 2019"]
[Site "Wuerzburg"]
[Date "2019.10.03"]
[Round "3.4"]
[White "Lohvinov, Petro"]
[Black "Ravina, David"]
[Result "0-1"]
[ECO "C50"]
[WhiteElo "2117"]
[BlackElo "2087"]
[Annotator "NA"]
[PlyCount "42"]
[EventDate "2019.10.02"]
[EventType "team-tourn"]
[EventRounds "7"]
[EventCountry "GER"]
[SourceTitle "playchess.com"]
[Source "ChessBase"]
[SourceQuality "1"]
[WhiteTeam "Bayern 1"]
[BlackTeam "Hamburg/Schleswig-Holstein"]
[TimeControl "40/5400+30:1800+30"]

1. e4 e5 2. Nf3 Nc6 3. Bc4 Bc5 4. d3 Nf6 5. O-O a6 6. c3 Ba7 7. h3 d6 8. Bb3 h6 9. Re1 g5 10. d4 g4 11. dxe5 gxf3 12. exf6 Qxf6 13. Qxf3 Qxf3 14. gxf3 Ne5 15. Nd2 Nd3 16. Re2 Nf4 17. Re1 Rg8+ 18. Kh2 Bxf2 19. Rd1 Bxh3 20. Nc4 Rg2+ 21. Kh1 Ne2 {[%emt 0:01:09] normal} 0-1

[Event "-chT Youth Countries 2019"]
[Site "Wuerzburg"]
[Date "2019.10.03"]
[Round "3.4"]
[White "Eilenberg, Jonas"]
[Black "Hommer, Jeremy"]
[Result "1-0"]
[ECO "E16"]
[WhiteElo "2050"]
[BlackElo "2133"]
[Annotator "ChessBase"]
[PlyCount "61"]
[EventDate "2019.10.02"]
[EventType "team-tourn"]
[EventRounds "7"]
[EventCountry "GER"]
[SourceTitle "playchess.com"]
[Source "ChessBase"]
[SourceQuality "1"]
[WhiteTeam "Berlin"]
[BlackTeam "Niedersachsen"]
[TimeControl "40/5400+30:1800+30"]

1. d4 e6 2. Nf3 Nf6 3. c4 b6 4. g3 Bb7 5. Bg2 Bb4+ 6. Nbd2 O-O 7. a3 Be7 8. O-O d5 9. Ne5 Nbd7 10. Qa4 Nxe5 11. dxe5 Nd7 12. Nf3 c6 13. Rd1 f6 14. Bh3 Nc5 15. Qc2 f5 16. b4 Ne4 17. Nd4 Qd7 18. f3 Ng5 19. Bxg5 Bxg5 20. f4 Be7 21. c5 Rac8 22. e4 g6 23. exf5 exf5 24. Kh1 Rc7 25. Rg1 h5 26. g4 hxg4 27. Bxg4 Kh7 28. e6 Qe8 29. Nxf5 gxf5 30. Bxf5+ Kh8 31. Qc3+ {[%emt 0:00:25] normal} 1-0

[Event "-chT Youth Countries 2019"]
[Site "Wuerzburg"]
[Date "2019.10.03"]
[Round "3.4"]
[White "Deuer, Marius"]
[Black "Hecht, Jonas Christian"]
[Result "1-0"]
[ECO "C88"]
[WhiteElo "1993"]
[BlackElo "1775"]
[Annotator "NA"]
[PlyCount "67"]
[EventDate "2019.10.02"]
[EventType "team-tourn"]
[EventRounds "7"]
[EventCountry "GER"]
[SourceTitle "playchess.com"]
[Source "ChessBase"]
[SourceQuality "1"]
[WhiteTeam "Württemberg"]
[BlackTeam "Baden 2"]
[TimeControl "40/5400+30:1800+30"]

1. e4 e5 2. Nf3 Nc6 3. Bb5 a6 4. Ba4 Nf6 5. O-O Be7 6. Re1 b5 7. Bb3 O-O 8. a4 Bb7 9. d3 d6 10. c3 Na5 11. Bc2 c5 12. Nbd2 Qc7 13. Nf1 Rfe8 14. Ng3 h6 15. h3 Bf8 16. d4 cxd4 17. cxd4 Rac8 18. Bd3 Bc6 19. b4 Nb7 20. d5 Bd7 21. a5 Qc3 22. Rb1 Kh7 23. Be3 g6 24. Bb6 Qa3 25. Rb3 Qa4 26. Qb1 Nxd5 27. exd5 f5 28. Nh4 Be7 29. Nxg6 Kxg6 30. Bxf5+ Bxf5 31. Qxf5+ Kg7 32. Nh5+ Kh8 33. Qg6 Bf8 34. Nf6 {[%emt 0:00:02] normal} 1-0

[Event "-chT Youth Countries 2019"]
[Site "Wuerzburg"]
[Date "2019.10.03"]
[Round "3.4"]
[White "Schumann, Rabea"]
[Black "Boder, Jan"]
[Result "0-1"]
[ECO "A20"]
[WhiteElo "1922"]
[BlackElo "2087"]
[Annotator "NA"]
[PlyCount "92"]
[EventDate "2019.10.02"]
[EventType "team-tourn"]
[EventRounds "7"]
[EventCountry "GER"]
[SourceTitle "playchess.com"]
[Source "ChessBase"]
[SourceQuality "1"]
[WhiteTeam "Mecklenburg-Vorpommern"]
[BlackTeam "Rheinland-Pfalz"]
[TimeControl "40/5400+30:1800+30"]

1. c4 e5 2. g3 Nf6 3. Bg2 d5 4. cxd5 Nxd5 5. Nc3 Nb6 6. Nf3 Nc6 7. O-O Be7 8. a3 O-O 9. b4 Re8 10. d3 Bf8 11. Be3 a5 12. Bxb6 cxb6 13. b5 Nd4 14. Nxd4 exd4 15. Nd5 a4 16. Qc2 Be6 17. Nf4 Bb3 18. Qb2 Qd7 19. Rfc1 Bc5 20. Rc4 Ra5 21. Qd2 Rxb5 22. Rcc1 Qe7 23. Nd5 Qd6 24. Nb4 Qe7 25. Nd5 Qd7 26. Nb4 g6 27. Rcb1 Kg7 28. Rxb3 axb3 29. Rb1 Bxb4 30. axb4 Rbe5 31. Bf3 Qa4 32. Qb2 Qxb4 33. Qxb3 Qxb3 34. Rxb3 b5 35. Bxb7 Rb8 36. Be4 b4 37. f4 Rc5 38. Kf2 Kf6 39. g4 Ke6 40. f5+ Ke5 41. fxg6 fxg6 42. h4 Rc3 43. Rb2 b3 44. h5 gxh5 45. gxh5 Rc2 46. Rb1 b2 {[%emt 0:00:05] normal} 0-1

[Event "-chT Youth Countries 2019"]
[Site "Wuerzburg"]
[Date "2019.10.03"]
[Round "3.4"]
[White "Glinzner, Alva"]
[Black "Lutz, Ruben"]
[Result "1/2-1/2"]
[ECO "C05"]
[WhiteElo "1897"]
[BlackElo "2112"]
[Annotator "NA"]
[PlyCount "93"]
[EventDate "2019.10.02"]
[EventType "team-tourn"]
[EventRounds "7"]
[EventCountry "GER"]
[SourceTitle "playchess.com"]
[Source "ChessBase"]
[SourceQuality "1"]
[WhiteTeam "Schleswig-Holstein"]
[BlackTeam "Sachsen"]
[TimeControl "40/5400+30:1800+30"]

1. e4 e6 2. d4 d5 3. Nd2 Nf6 4. e5 Nfd7 5. f4 c5 6. c3 Nc6 7. Ndf3 Be7 8. Bd3 cxd4 9. cxd4 O-O 10. Ne2 Nb6 11. O-O a5 12. Kh1 a4 13. Bc2 Nb4 14. Bb1 Nc4 15. a3 Nc6 16. Nc3 b5 17. Nxb5 Ba6 18. Nc3 N6a5 19. Bc2 Nb3 20. Rb1 Qc7 21. Nxa4 Nxc1 22. Qxc1 Rfc8 23. Rf2 Bb5 24. Nc3 Bd7 25. Nd1 Rab8 26. b4 Ra8 27. Rb3 Qa7 28. Nc3 Nxa3 29. Bd3 Nc4 30. g4 Rab8 31. Qb1 g6 32. f5 Be8 33. b5 Ne3 34. h3 Qb6 35. Na4 Qa5 36. Ra2 Qc7 37. Rc3 Nc4 38. Rb3 Na5 39. Rc3 Nc4 40. fxe6 fxe6 41. Rb3 Na5 42. Rc2 Qb7 43. Rxc8 Rxc8 44. Rc3 Nc4 45. Rb3 Na5 46. Rc3 Nc4 47. Rb3 {[%emt 0:00:46] normal} 1/2-1/2

[Event "-chT Youth Countries 2019"]
[Site "Wuerzburg"]
[Date "2019.10.03"]
[Round "3.4"]
[White "Riegel, Arinna"]
[Black "Danninger, Jannik"]
[Result "0-1"]
[ECO "A05"]
[WhiteElo "1894"]
[BlackElo "1990"]
[Annotator "NA"]
[PlyCount "86"]
[EventDate "2019.10.02"]
[EventType "team-tourn"]
[EventRounds "7"]
[EventCountry "GER"]
[SourceTitle "playchess.com"]
[Source "ChessBase"]
[SourceQuality "1"]
[WhiteTeam "Baden 1"]
[BlackTeam "Bayern 2"]
[TimeControl "40/5400+30:1800+30"]

1. Nf3 Nf6 2. g3 e6 3. Bg2 Be7 4. O-O O-O 5. d4 d5 6. c4 dxc4 7. Qc2 a6 8. a4 Bd7 9. Ne5 Nc6 10. Nxc6 Bxc6 11. Bxc6 bxc6 12. Rd1 Qd5 13. Nd2 Qxd4 14. Nxc4 Qc5 15. Bf4 Ng4 16. e3 e5 17. b4 Qxb4 18. Nxe5 Nxe5 19. Bxe5 c5 20. Rab1 Qg4 21. Bxc7 h5 22. h4 Rfc8 23. Bd6 Bxh4 24. f3 Qxf3 25. gxh4 Qxe3+ 26. Qf2 Qxf2+ 27. Kxf2 c4 28. Rb7 Rc6 29. Be5 c3 30. Rdd7 c2 31. Rxf7 c1=Q 32. Rxg7+ Kf8 33. Rbf7+ Ke8 34. Re7+ Kd8 35. Rd7+ Kc8 36. Rde7 Qd2+ 37. Kf3 Qd3+ 38. Kf4 Rc4+ 39. Kg5 Rg4+ 40. Kf6 Qf3+ 41. Ke6 Qc6+ 42. Kf5 Rxg7 43. Rxg7 Qxa4 {[%emt 0:00:48] normal} 0-1

[Event "-chT Youth Countries 2019"]
[Site "Wuerzburg"]
[Date "2019.10.03"]
[Round "3.4"]
[White "Muller, Magnus"]
[Black "Bakiev, Diyor"]
[Result "1-0"]
[ECO "D00"]
[WhiteElo "1478"]
[BlackElo "2088"]
[Annotator "NA"]
[PlyCount "99"]
[EventDate "2019.10.02"]
[EventType "team-tourn"]
[EventRounds "7"]
[EventCountry "GER"]
[SourceTitle "playchess.com"]
[Source "ChessBase"]
[SourceQuality "1"]
[WhiteTeam "Thüringen"]
[BlackTeam "Hessen"]
[TimeControl "40/5400+30:1800+30"]

1. d4 d5 2. Bf4 c5 3. e3 cxd4 4. exd4 Nc6 5. c3 Bf5 6. Nf3 e6 7. Na3 f6 8. Nh4 Bxa3 9. bxa3 Be4 10. f3 Qa5 11. Bd2 Bg6 12. Nxg6 hxg6 13. Qb1 Nge7 14. Bd3 Kf7 15. f4 Qxa3 16. Qxb7 Rab8 17. Qa6 Qd6 18. O-O Rb6 19. Qa4 Rb2 20. Bc1 Rbb8 21. Ba3 Qc7 22. Rf2 g5 23. Bc1 f5 24. g3 g4 25. Ba3 Ng8 26. Bc5 Nf6 27. Rc2 Ne4 28. Bxe4 dxe4 29. Rd1 Rhd8 30. c4 e5 31. d5 exf4 32. gxf4 g5 33. Rf1 Ne5 34. Qxa7 Rb7 35. Qa3 Nf3+ 36. Kh1 Qxf4 37. Qa6 Rbd7 38. Qe6+ Kg7 39. Be7 Rd6 40. Bxd6 Rxd6 41. Qe7+ Kg6 42. c5 Ra6 43. c6 Rb6 44. Qe6+ Kh7 45. Qd7+ Kh6 46. c7 Nh4 47. Rc6+ Ng6 48. Rxf4 Rb1+ 49. Kg2 Rb2+ 50. Rf2 {[%emt 0:00:00] normal} 1-0

[Event "-chT Youth Countries 2019"]
[Site "Wuerzburg"]
[Date "2019.10.03"]
[Round "3.5"]
[White "Haack, Kevin"]
[Black "Nguyen, Ha Thanh"]
[Result "1/2-1/2"]
[ECO "A20"]
[WhiteElo "2044"]
[BlackElo "1998"]
[Annotator "NA"]
[PlyCount "217"]
[EventDate "2019.10.02"]
[EventType "team-tourn"]
[EventRounds "7"]
[EventCountry "GER"]
[SourceTitle "playchess.com"]
[Source "ChessBase"]
[SourceQuality "1"]
[WhiteTeam "Hessen"]
[BlackTeam "Thüringen"]
[TimeControl "40/5400+30:1800+30"]

1. c4 e5 2. g3 Nf6 3. Bg2 d5 4. cxd5 Nxd5 5. Nc3 Nb6 6. Nf3 Nc6 7. d3 Be7 8. O-O O-O 9. Rb1 Be6 10. Bd2 f6 11. a3 Re8 12. b4 a5 13. Ne4 axb4 14. axb4 Qc8 15. e3 Rd8 16. b5 Na7 17. Bb4 Bxb4 18. Rxb4 Nd5 19. Rb2 Bf7 20. Qc1 b6 21. d4 exd4 22. Nxd4 Qd7 23. Rd1 Rac8 24. Nc6 Nxc6 25. bxc6 Qe7 26. Rbd2 Nb4 27. Rd7 Qf8 28. Bh3 Bd5 29. R1xd5 Nxd5 30. Rxd5 Rxd5 31. Be6+ Kh8 32. Bxd5 Qe7 33. Qc4 Rd8 34. Nc3 Qe5 35. Qd4 Qe7 36. e4 h6 37. Nb5 Qe8 38. Nxc7 Qxc6 39. Bxc6 Rxd4 40. Bd5 Kh7 41. Kg2 Rd2 42. Kf3 Rb2 43. Ne6 g5 44. Ke3 b5 45. Nc5 Rc2 46. Nd3 Kg7 47. Kd4 Kf8 48. Bb3 Re2 49. Bd5 Rc2 50. e5 fxe5+ 51. Kxe5 Rd2 52. Be4 Kg7 53. Kd4 Re2 54. Bc6 b4 55. Ba4 Kf6 56. Bd1 Rd2 57. Bb3 Re2 58. h3 Kf5 59. g4+ Kf6 60. Ba4 Ke7 61. Kc4 Rd2 62. Bb5 Rd1 63. Bc6 Rd2 64. Be4 Re2 65. Bf5 Kf6 66. Kxb4 Ra2 67. Kc3 Ra1 68. Be4 Ra2 69. Kd4 Re2 70. Bf3 Rc2 71. Ke3 Rc3 72. Be4 Ra3 73. Kf3 Rc3 74. Kg2 Rc4 75. Bf3 Rd4 76. Nc1 Ke5 77. Ne2 Rd3 78. Ng3 Kf4 79. Be2 Rd2 80. Bf1 Rb2 81. Nf5 h5 82. Ne7 hxg4 83. Ng6+ Kf5 84. Bd3+ Kf6 85. hxg4 Rd2 86. Bf5 Rd8 87. Kg3 Rg8 88. Kf3 Re8 89. Kg3 Rg8 90. Nh4 gxh4+ 91. Kxh4 Rh8+ 92. Kg3 Rb8 93. Kf4 Rb4+ 94. Be4 Rb5 95. f3 Ra5 96. Kg3 Ra3 97. Kh4 Ra5 98. Bc2 Rc5 99. Bh7 Rc4 100. Bd3 Rd4 101. Be4 Rb4 102. g5+ Kg7 103. Kg3 Rc4 104. Bf5 Rc3 105. Kg4 Rc4+ 106. f4 Rc1 107. Be4 Rg1+ 108. Kf5 Rg3 109. Ke5 {[%emt 0:00:17] normal} 1/2-1/2

[Event "-chT Youth Countries 2019"]
[Site "Wuerzburg"]
[Date "2019.10.03"]
[Round "3.5"]
[White "Arnhold, Steffi"]
[Black "Farokhi, Keyvan"]
[Result "1-0"]
[ECO "B19"]
[WhiteElo "2042"]
[BlackElo "2018"]
[Annotator "NA"]
[PlyCount "69"]
[EventDate "2019.10.02"]
[EventType "team-tourn"]
[EventRounds "7"]
[EventCountry "GER"]
[SourceTitle "playchess.com"]
[Source "ChessBase"]
[SourceQuality "1"]
[WhiteTeam "Sachsen"]
[BlackTeam "Schleswig-Holstein"]
[TimeControl "40/5400+30:1800+30"]

1. e4 c6 2. d4 d5 3. Nc3 dxe4 4. Nxe4 Bf5 5. Ng3 Bg6 6. h4 h6 7. Nf3 Nd7 8. h5 Bh7 9. Bd3 Bxd3 10. Qxd3 e6 11. Bd2 Ngf6 12. O-O-O Be7 13. Kb1 O-O 14. Ne4 Nxe4 15. Qxe4 Nf6 16. Qe2 Qd5 17. Be3 Ng4 18. Bc1 b5 19. Ne5 Nf6 20. g4 c5 21. f3 cxd4 22. g5 hxg5 23. Bxg5 Nd7 24. Bxe7 Nxe5 25. Bxf8 Kxf8 26. h6 gxh6 27. Rh5 f5 28. Rxh6 Kf7 29. f4 Ng4 30. Rh7+ Kg6 31. Rh4 b4 32. Qd3 Ne3 33. Rg1+ Kf6 34. Rh6+ Ke7 {[%emt 0:01:02] normal} 35. Rgg6 {[%emt 0:04:49] normal} 1-0

[Event "-chT Youth Countries 2019"]
[Site "Wuerzburg"]
[Date "2019.10.03"]
[Round "3.5"]
[White "Reitz, Theresa"]
[Black "Roste, Hugo"]
[Result "1-0"]
[ECO "B23"]
[WhiteElo "1935"]
[BlackElo "1339"]
[Annotator "NA"]
[PlyCount "111"]
[EventDate "2019.10.02"]
[EventType "team-tourn"]
[EventRounds "7"]
[EventCountry "GER"]
[SourceTitle "playchess.com"]
[Source "ChessBase"]
[SourceQuality "1"]
[WhiteTeam "Rheinland-Pfalz"]
[BlackTeam "Mecklenburg-Vorpommern"]
[TimeControl "40/5400+30:1800+30"]

1. e4 c5 2. Nc3 e6 3. Nge2 a6 4. g3 Qc7 5. Bg2 Nc6 6. O-O Nf6 7. h3 Be7 8. d3 O-O 9. f4 d6 10. f5 e5 11. g4 h6 12. Ng3 Nh7 13. Nh5 f6 14. h4 b5 15. Nd5 Qb7 16. g5 fxg5 17. Nxe7+ Qxe7 18. hxg5 Nxg5 19. Qg4 Kf7 20. c3 Ke8 21. Qh4 Ra7 22. Qg3 b4 23. Be3 Kd8 24. Rf2 Nh7 25. a3 bxc3 26. bxc3 Nf6 27. Nxf6 Rxf6 28. Rb2 Rb7 29. Rab1 Rf7 30. Bf3 Qf6 31. Bh5 Rxb2 32. Rxb2 Rb7 33. Rg2 Na7 34. a4 Nc6 35. Be2 Ke8 36. Qg6+ Qxg6 37. Rxg6 Rd7 38. f6 Kf8 39. fxg7+ Kg8 40. Bxh6 Nd8 41. Bd1 Nf7 42. Bb3 a5 43. Bc4 Bb7 44. Re6 Kh7 45. Bd2 Bc6 46. Rg6 Kg8 47. Bb3 Ba8 48. Kh2 Bb7 49. Be3 Bc8 50. Kg3 Rb7 51. Bd5 Rd7 52. Bh6 Bb7 53. Bxf7+ Rxf7 54. Rxd6 Kh7 55. Rd8 Kxh6 56. g8=Q {[%emt 0:00:11] normal} 1-0

[Event "-chT Youth Countries 2019"]
[Site "Wuerzburg"]
[Date "2019.10.03"]
[Round "3.5"]
[White "Bashylina, Luisa"]
[Black "Stockmann, Till"]
[Result "0-1"]
[ECO "B41"]
[WhiteElo "1933"]
[BlackElo "1884"]
[Annotator "NA"]
[PlyCount "78"]
[EventDate "2019.10.02"]
[EventType "team-tourn"]
[EventRounds "7"]
[EventCountry "GER"]
[SourceTitle "playchess.com"]
[Source "ChessBase"]
[SourceQuality "1"]
[WhiteTeam "Nordrhein-Westfalen"]
[BlackTeam "Sachsen-Anhalt"]
[TimeControl "40/5400+30:1800+30"]

1. e4 c5 2. Nf3 e6 3. d4 cxd4 4. Nxd4 a6 5. g3 Nf6 6. Bg2 Qc7 7. O-O Nc6 8. Nb3 Be7 9. f4 d6 10. a4 O-O 11. Nc3 Rb8 12. g4 h6 13. Be3 b6 14. Qe2 Bb7 15. g5 hxg5 16. fxg5 Nh7 17. g6 fxg6 18. Qc4 Qd7 19. Bh3 Bc8 20. Nd5 Bd8 21. Rxf8+ Nxf8 22. Qc3 Qb7 23. Nb4 Ne5 24. Bg2 Bf6 25. Bd4 Bd7 26. Qg3 g5 27. Nd3 Nfg6 28. Nxe5 Nxe5 29. Be3 Qc7 30. Nd4 Nc4 31. b4 Nxe3 32. Qxe3 Qc4 33. c3 Rc8 34. Ra3 Bxd4 35. cxd4 Qxb4 36. Rb3 Qxa4 37. Rxb6 Qa1+ 38. Bf1 Bb5 39. Qh3 Qxd4+ {[%emt 0:00:47] normal} 0-1

[Event "-chT Youth Countries 2019"]
[Site "Wuerzburg"]
[Date "2019.10.03"]
[Round "3.5"]
[White "Moenster, Madita"]
[Black "Zhou, Lepu Coco"]
[Result "1-0"]
[ECO "C89"]
[WhiteElo "1916"]
[BlackElo "1739"]
[Annotator "NA"]
[PlyCount "105"]
[EventDate "2019.10.02"]
[EventType "team-tourn"]
[EventRounds "7"]
[EventCountry "GER"]
[SourceTitle "playchess.com"]
[Source "ChessBase"]
[SourceQuality "1"]
[WhiteTeam "Niedersachsen"]
[BlackTeam "Berlin"]
[TimeControl "40/5400+30:1800+30"]

1. e4 e5 2. Nf3 Nc6 3. Bb5 a6 4. Ba4 Nf6 5. O-O Be7 6. Re1 b5 7. Bb3 O-O 8. c3 d5 9. exd5 Nxd5 10. Nxe5 Nxe5 11. Rxe5 c6 12. d3 Bd6 13. Re1 Qh4 14. g3 Qh3 15. Re4 Nf6 16. Rh4 Qf5 17. Nd2 g5 18. Rh6 Ng4 19. Ne4 Nxh6 20. Nxd6 Qh3 21. Qf3 Be6 22. Ne4 Ng4 23. Nf6+ Kh8 24. Nxg4 Qxg4 25. Qxg4 Bxg4 26. Bxg5 f6 27. Be3 Rfe8 28. Kg2 Be6 29. Bxe6 Rxe6 30. Re1 Rd8 31. d4 Rde8 32. Kf1 f5 33. Bd2 Rxe1+ 34. Bxe1 Kg7 35. b3 Rd8 36. Ke2 Kg6 37. Bd2 b4 38. Kd3 bxc3 39. Kxc3 Rd5 40. Kc4 Kf6 41. Bb4 f4 42. Bc5 Rh5 43. h4 Rd5 44. Kb4 Kf5 45. Ka5 fxg3 46. fxg3 Kg4 47. Kb6 Kxg3 48. Kxc6 Rd8 49. d5 Rc8+ 50. Kb6 Rb8+ 51. Kc7 Re8 52. d6 Re5 53. b4 {[%emt 0:01:07] normal} 1-0

[Event "-chT Youth Countries 2019"]
[Site "Wuerzburg"]
[Date "2019.10.03"]
[Round "3.5"]
[White "Khamenya, Vitalia"]
[Black "Haenselmann, Hendrik"]
[Result "1-0"]
[ECO "B21"]
[WhiteElo "1908"]
[BlackElo "1732"]
[Annotator "NA"]
[PlyCount "117"]
[EventDate "2019.10.02"]
[EventType "team-tourn"]
[EventRounds "7"]
[EventCountry "GER"]
[SourceTitle "playchess.com"]
[Source "ChessBase"]
[SourceQuality "1"]
[WhiteTeam "Bayern 2"]
[BlackTeam "Baden 1"]
[TimeControl "40/5400+30:1800+30"]

1. e4 c5 2. d4 cxd4 3. c3 dxc3 4. Nxc3 Nc6 5. Nf3 d6 6. Bc4 a6 7. O-O Nf6 8. Bf4 Bg4 9. h3 Bxf3 10. Qxf3 e6 11. Rfd1 Qb8 12. Be2 Ne5 13. Qg3 Be7 14. Bxe5 dxe5 15. Qxg7 Rg8 16. Qh6 Rg6 17. Qe3 Qa7 18. Qxa7 Rxa7 19. Bf3 Ra8 20. Rac1 Rd8 21. Na4 b5 22. Rxd8+ Bxd8 23. Nc5 a5 24. Nb7 Bb6 25. Nd6+ Kd7 26. Nxb5 Rg8 27. Rd1+ Kc6 28. Nd6 Rd8 29. Nxf7 Rxd1+ 30. Bxd1 Bd4 31. b3 Kd7 32. Bc2 Nh5 33. Ng5 h6 34. Nf7 Ng3 35. Nxh6 Ke7 36. Bd3 Kf6 37. Ng4+ Kg5 38. Nxe5 Bxe5 39. fxg3 Bxg3 40. Kf1 Kf6 41. Ke2 Kg5 42. Kf3 Bd6 43. g3 Bc7 44. h4+ Kh5 45. Bc4 e5 46. Bf7+ Kh6 47. g4 Bd8 48. g5+ Kg7 49. Be6 Be7 50. Kg4 Bd8 51. h5 Be7 52. h6+ Kh8 53. g6 Bg5 54. g7+ Kh7 55. g8=Q+ Kxh6 56. Qxg5+ Kh7 57. Bf7 a4 58. Qg6+ Kh8 59. Qg8# {normal} 1-0

[Event "-chT Youth Countries 2019"]
[Site "Wuerzburg"]
[Date "2019.10.03"]
[Round "3.5"]
[White "Amato, Cristiano"]
[Black "Kobald, Jacqueline"]
[Result "0-1"]
[ECO "B20"]
[WhiteElo "1746"]
[BlackElo "1884"]
[Annotator "NA"]
[PlyCount "64"]
[EventDate "2019.10.02"]
[EventType "team-tourn"]
[EventRounds "7"]
[EventCountry "GER"]
[SourceTitle "playchess.com"]
[Source "ChessBase"]
[SourceQuality "1"]
[WhiteTeam "Baden 2"]
[BlackTeam "Württemberg"]
[TimeControl "40/5400+30:1800+30"]

1. e4 c5 2. g3 Nc6 3. Bg2 g6 4. f4 Bg7 5. d3 e6 6. c3 Nge7 7. Nf3 O-O 8. O-O b5 9. Be3 d6 10. e5 Rb8 11. Qe1 b4 12. d4 bxc3 13. bxc3 cxd4 14. cxd4 Nb4 15. Qc1 Ba6 16. Nbd2 Bxf1 17. Bxf1 Rc8 18. Qd1 Nc2 19. Bf2 Nxa1 20. Qxa1 Qd7 21. Nc4 d5 22. Nd6 Rb8 23. a4 Nc8 24. Nb5 a6 25. Nc3 Qc6 26. Be1 Rb3 27. Be2 Rd8 28. Bd1 Rb7 29. a5 Bf8 30. Ba4 Qc4 31. Bd1 Bb4 32. Be2 Bxc3 {[%emt 0:01:17] normal} 0-1

[Event "-chT Youth Countries 2019"]
[Site "Wuerzburg"]
[Date "2019.10.03"]
[Round "3.5"]
[White "Fuhrmann, Bahne"]
[Black "Hetzner, Hannes"]
[Result "0-1"]
[ECO "C01"]
[WhiteElo "1623"]
[BlackElo "1996"]
[Annotator "NA"]
[PlyCount "90"]
[EventDate "2019.10.02"]
[EventType "team-tourn"]
[EventRounds "7"]
[EventCountry "GER"]
[SourceTitle "playchess.com"]
[Source "ChessBase"]
[SourceQuality "1"]
[WhiteTeam "Hamburg/Schleswig-Holstein"]
[BlackTeam "Bayern 1"]
[TimeControl "40/5400+30:1800+30"]

1. e4 e6 2. d4 d5 3. exd5 exd5 4. Nf3 Nc6 5. Bb5 Bd6 6. c4 Bb4+ 7. Nc3 Nge7 8. O-O Bg4 9. h3 Bh5 10. Nxd5 Nxd5 11. cxd5 Qxd5 12. Qe2+ Kf8 13. Bc4 Bxf3 14. gxf3 Nxd4 15. Bxd5 Nxe2+ 16. Kh1 c6 17. Be4 Nxc1 18. Raxc1 Rd8 19. Rfd1 Ke7 20. a3 Ba5 21. b4 Bb6 22. Kg2 g6 23. b5 f5 24. Bd3 c5 25. Re1+ Kd6 26. Rcd1 Kc7 27. Re7+ Kc8 28. Bc2 c4 29. Rxd8+ Rxd8 30. Re2 Bc5 31. a4 Kc7 32. Kg3 Rd4 33. h4 Bd6+ 34. Kh3 Rf4 35. Re3 Bc5 36. Rc3 Kb6 37. Kg3 Bd6 38. h5 Kc5 39. hxg6 hxg6 40. Kg2 Kb4 41. Re3 Bc5 42. Re2 Kc3 43. Bb1 Rd4 44. Kg3 Bd6+ 45. Kh3 Rd2 {[%emt 0:00:00] normal} 0-1

[Event "-chT Youth Countries 2019"]
[Site "Wuerzburg"]
[Date "2019.10.03"]
[Round "3.6"]
[White "Wang, Xinyuan"]
[Black "Butenandt, Svenja"]
[Result "0-1"]
[ECO "E38"]
[WhiteElo "2020"]
[BlackElo "1805"]
[Annotator "NA"]
[PlyCount "118"]
[EventDate "2019.10.02"]
[EventType "team-tourn"]
[EventRounds "7"]
[EventCountry "GER"]
[SourceTitle "playchess.com"]
[Source "ChessBase"]
[SourceQuality "1"]
[WhiteTeam "Baden 1"]
[BlackTeam "Bayern 2"]
[TimeControl "40/5400+30:1800+30"]

1. d4 Nf6 2. c4 e6 3. Nc3 Bb4 4. Qc2 c5 5. e3 Nc6 6. Nf3 d5 7. a3 Bxc3+ 8. bxc3 O-O 9. Bd3 dxc4 10. Bxc4 Na5 11. Ba2 Qc7 12. O-O cxd4 13. exd4 h6 14. Bb2 b5 15. a4 a6 16. Rfc1 Bb7 17. Ne5 Nc6 18. c4 Nb4 19. Qe2 Nxa2 20. Rxa2 Rac8 21. c5 Bd5 22. Ra3 Qb7 23. axb5 axb5 24. f3 Nd7 25. Nxd7 Qxd7 26. Rca1 Ra8 27. Ra6 Bc6 28. Qe5 f6 29. Qd6 Rxa6 30. Rxa6 Rc8 31. Qxd7 Bxd7 32. Kf2 Bc6 33. Ke3 Kh7 34. g4 Kg6 35. h4 h5 36. Kf4 Kh6 37. Bc1 g5+ 38. Kg3 Kg6 39. Rb6 gxh4+ 40. Kxh4 Bxf3 41. gxh5+ Bxh5 42. Rxe6 Bf3 43. Kg3 Kf5 44. Rd6 Be4 45. Kf2 Rc6 46. Rd8 Ke6 47. Ke3 f5 48. Rb8 Kd5 49. Rxb5 Rf6 50. Rb8 f4+ 51. Kf2 f3 52. Re8 Rg6 53. Be3 Rg2+ 54. Kf1 Bd3+ 55. Ke1 Re2+ 56. Kd1 Kc4 57. c6 Kc3 58. Bd2+ Rxd2+ 59. Kc1 Ra2 {[%emt 0:00:27] normal} 0-1

[Event "-chT Youth Countries 2019"]
[Site "Wuerzburg"]
[Date "2019.10.03"]
[Round "3.6"]
[White "Costa, Leonardo"]
[Black "Hubert, Charlotte"]
[Result "1-0"]
[ECO "B48"]
[WhiteElo "1959"]
[BlackElo "1341"]
[Annotator "NA"]
[PlyCount "73"]
[EventDate "2019.10.02"]
[EventType "team-tourn"]
[EventRounds "7"]
[EventCountry "GER"]
[SourceTitle "playchess.com"]
[Source "ChessBase"]
[SourceQuality "1"]
[WhiteTeam "Bayern 1"]
[BlackTeam "Hamburg/Schleswig-Holstein"]
[TimeControl "40/5400+30:1800+30"]

1. e4 c5 2. Nf3 e6 3. d4 cxd4 4. Nxd4 Nc6 5. Nc3 Qc7 6. Be3 a6 7. Qf3 Nf6 8. a3 b5 9. Nxc6 Qxc6 10. e5 Qxf3 11. gxf3 Ng8 12. Bd3 Bb7 13. Be4 Bxe4 14. Nxe4 f5 15. Nd2 Rc8 16. Rc1 Ne7 17. Ke2 Nd5 18. c4 bxc4 19. Rxc4 Rxc4 20. Nxc4 Kf7 21. Nb6 Nxb6 22. Bxb6 d5 23. Rc1 Be7 24. Rc7 Re8 25. Kd3 Kf8 26. Ra7 Rc8 27. Rxa6 Rc6 28. Ra8+ Kf7 29. Be3 Rc7 30. b4 Rb7 31. Rc8 Bh4 32. Bc5 Be7 33. Bd6 Ra7 34. b5 Rb7 35. a4 Rd7 36. b6 Rb7 37. a5 {[%emt 0:00:21] normal} 1-0